 Dungeon Crawl Stone Soup version 0.30-a0-1161-g0704695555 (webtiles) character file.

Game seed: 285607855087985557

10413 kae the Transmogrifier (level 11, -3/97 HPs)
             Began as a Merfolk Transmuter on Apr 27, 2023.
             Was an Elder of Qazlal.
             Slain by Snorg (6 damage)
             ... on level 11 of the Dungeon.
             The game lasted 00:08:30 (10905 turns).

kae the Transmogrifier (Merfolk Transmuter)        Turns: 10905, Time: 00:08:31

Health: -3/97      AC: 11    Str: 12    XL:     11   Next: 61%
Magic:  0/20       EV: 13    Int: 28    God:    Qazlal [****..]
Gold:   596        SH:  5    Dex: 14    Spells: 12/22 levels left

rFire   x . .        d - melded +3 dagger (flame)
rCold   + + +        (shield currently unavailable)
rNeg    . . .        a - melded +0 robe
rPois   +            w - melded +2 hat {Int+3}
rElec   .            A - melded +1 cloak
rCorr   .            (gloves currently unavailable)
SInv    .            (boots currently unavailable)
Will    .....        G - amulet of guardian spirit
Stlth   +            i - +6 ring of intelligence
HPRegen 0.36/turn    I - +6 ring of intelligence
MPRegen 0.17/turn

%: repel missiles, guardian spirit
@: ice-form, wereblooded
A: freezing attack, boosted hp, large, (nimble swimmer 2), (mertail)
a: End Transformation, Renounce Religion, Upheaval, Elemental Force


You were on level 11 of the Dungeon.
You worshipped Qazlal.
Qazlal was greatly pleased with you.
You were a creature of crystalline ice.
You visited 1 branch of the dungeon, and saw 11 of its levels.

You collected 596 gold pieces.


Innate Abilities, Weirdness & Mutations

You are a creature of crystalline ice.
You have a powerful freezing melee attack.
Your maximum health is increased.
Your armour is entirely melded.
You are incapable of wielding weapons or throwing items.
((You are very nimble when in or above water. (Stealth+, EV+, Speed+++)))
((Your lower body shifts to a powerful aquatic tail in water.))


   Skills:
 + Level 6.3 Fighting
 + Level 8.0 Dodging
 * Level 9.7 Unarmed Combat
 - Level 6.2 Spellcasting
 + Level 11.5 Transmutations
 - Level 7.6 Ice Magic
 - Level 2.0 Poison Magic
 + Level 4.9 Invocations


You had 12 spell levels left.
You knew the following spells:

 Your Spells              Type           Power      Damage    Failure   Level
a - Beastly Appendage     Tmut           100%       N/A       1%          1
b - Wereblood             Tmut           65%        N/A       1%          2
c - Spider Form           Tmut/Pois      46%        N/A       1%          3
d - Ice Form              Ice/Tmut       58%        N/A       1%          4

Your spell library contained the following spells:

 Spells                   Type           Power      Damage    Failure   Level
 Frozen Ramparts          Ice            100%       1d16      1%          3
 Magic Dart               Conj           32%        1d4       6%          1
 Call Imp                 Summ           16%        N/A       9%          2
 Lesser Beckoning         Tloc           16%        N/A       9%          2
 Summon Ice Beast         Ice/Summ       30%        N/A       12%         4
 Mephitic Cloud           Conj/Pois/Air  12%        N/A       14%         3
 Gell's Gravitas          Tloc           8%         N/A       19%         3
 Teleport Other           Tloc           8%         N/A       19%         3
 Anguish                  Hex/Necr       4%         N/A       52%         4
 Enfeeble                 Hex            4%         N/A       100%        7

Inventory:

Hand Weapons
 d - a +3 dagger of flaming (melded)
   (You took it off a goblin on level 1 of the Dungeon)
Missiles
 c - 64 stones
 e - 17 poisoned darts
 v - 8 boomerangs
Armour
 a - a +0 robe (melded)
 w - a +2 hat of intelligence (melded)
   (You took it off Gastronok on level 9 of the Dungeon)
 A - a +1 cloak (melded)
   (You found it on level 3 of the Dungeon)
Magical Staves
 o - a staff of conjuration {!a}
   (You found it on level 1 of the Dungeon)
 B - a staff of air {!a}
   (You found it on level 9 of the Dungeon)
Jewellery
 g - an amulet of regeneration
   (You found it on level 8 of the Dungeon)
 i - a +6 ring of intelligence (left front paw)
   (You found it on level 3 of the Dungeon)
 G - an amulet of guardian spirit (around neck)
   (You found it on level 4 of the Dungeon)
 I - a +6 ring of intelligence (right front paw)
   (You found it on level 3 of the Dungeon)
 P - a ring of poison resistance
   (You found it on level 6 of the Dungeon)
Wands
 m - a wand of flame (24)
   (You found it on level 3 of the Dungeon)
 u - a wand of mindburst (7)
   (You found it on level 7 of the Dungeon)
 y - a wand of acid (10)
   (You found it on level 7 of the Dungeon)
Scrolls
 j - 2 scrolls of fear
 l - 2 scrolls of noise {!r}
 p - 3 scrolls of enchant weapon
 r - a scroll of vulnerability {!r!r}
 s - a scroll of identify {@r1}
 t - 4 scrolls of teleportation {@r4}
 x - a scroll of poison
 C - a scroll of magic mapping {!r}
 D - a scroll of silence {!r}
Potions
 b - 2 potions of lignification {!q}
 f - 3 potions of curing {@q1}
 h - 2 potions of magic
 k - a potion of mutation {!q}
 n - 2 potions of brilliance
 q - 2 potions of invisibility
 z - a potion of berserk rage {!q}
 E - a potion of degeneration {!q}
 F - a potion of might
 H - a potion of cancellation

Dungeon Overview and Level Annotations

Branches:
Dungeon (11/15) Zot: 26849  Temple (0/1) D:6             Orc (0/2) D:10
   Lair: D:8-11

Altars:
Ashenzari
Cheibriados
Dithmenos
Qazlal
Uskayaw
Wu Jian
Xom
Yredelemnul
Zin

Shops:
D:1 [   D:7 (   D:8 =

Annotations:
D:11 Snorg

#.......#.......#####
#.......#.#####....††
#.......#.##.........
#.......#............
#...........#....###.
#........####........
#.°.....## #....###.
#####..§.°..# #....#
#. #.....○.Y####
#....# #.
#.....##.T...........#
#.
#.....##.####.....#+##
## #.....##.#
##>....... #.#####.#
#. ..# #. ###


You could see Snorg (berserk).


Message History

Qazlal accepts your kill. 😕 HP[-21] MP[-4]
You take 21 damage, and now have 76/97 hp.
MASSIVE DAMAGE!! (PAUSE)
You lost 4 mp, and now have 12/20 mp.
You hear an angry hiss.
A wyvern comes into view. 😕 HP[+15] MP[+7]
You regained 15 hp, and now have 91/97 hp.
You regained 7 mp, and now have 19/20 mp.
Unknown command.
A wyvern is nearby!
A wyvern is nearby!
A wyvern is nearby!
Casting: Ice Form (mildly dangerous; 1% risk of failure)
Confirm with . or Enter, or press ? or * to list all spells.
You extend your transformation's duration. 😕 HP[+1] MP[-3]
You lost 3 mp, and now have 16/20 mp.
You see here a basilisk corpse.
You punch the wyvern! You freeze the wyvern.
The wyvern barely misses you. 😕 HP[+1]
A wyvern is nearby!
You pummel the wyvern!! You freeze the wyvern.
You kill the wyvern!
Qazlal accepts your kill.
No target in view!
You hear an angry hiss.
c - 64 stones (gained 1)
Found a stone staircase leading down. 😎 HP[+4] MP[+4]
Your hp is fully restored (97).
Your mp is fully restored (20).
No target in view!
No target in view!
You hear an angry hiss.
A komodo dragon comes into view.
You hear a shout!
Snorg the Insatiable comes into view.
Snorg shouts!
The komodo dragon hisses menacingly.
Casting: Ice Form (mildly dangerous; 1% risk of failure)
Confirm with . or Enter, or press ? or * to list all spells.
You extend your transformation's duration. 😎 MP[-4]
You lost 4 mp, and now have 16/20 mp.
Casting: Ice Form (mildly dangerous; 1% risk of failure)
Confirm with . or Enter, or press ? or * to list all spells.
Your blood is infused with primal strength.
The komodo dragon bites you! The komodo dragon barely misses you.
Snorg goes berserk! 😕 HP[-5] MP[-3]
You take 5 damage, and now have 92/97 hp.
You lost 3 mp, and now have 13/20 mp.
You pummel the komodo dragon!!
The komodo dragon seems to slow down.
You freeze the komodo dragon. You block the komodo dragon's attack.
You pummel the komodo dragon!!
The komodo dragon seems to slow down.
You freeze the komodo dragon.
You feel a bit better.
You kill the komodo dragon!
Qazlal accepts your kill.
The storm surrounding you is now powerful enough to repel missiles.
You will now adapt resistances upon receiving elemental damage.
Your Dodging skill increases to level 8! 😕 HP[+1]
You pummel Snorg!! You freeze Snorg! You block Snorg's attack.
Snorg misses you. Snorg barely misses you. 😕 MP[+1]
You punch Snorg! You freeze Snorg. You block Snorg's attack.
Snorg completely misses you. Snorg claws you but does no damage.
Snorg bites you but does no damage. Snorg claws you!
Snorg claws you. 😕 HP[-13] MP[-2]
You take 13 damage, and now have 80/97 hp.
You lost 2 mp, and now have 12/20 mp.
Unknown command.
You punch Snorg! You freeze Snorg.
You howl as the wereblood boils in your veins!
Snorg barely misses you. Snorg claws you. Snorg claws you! 😮 HP[-15] MP[-3]
You take 15 damage, and now have 65/97 hp.
You lost 3 mp, and now have 9/20 mp.
Unknown command.
You pummel Snorg!! You freeze Snorg. Snorg bites you. You block Snorg's attack.
Snorg claws you. 😮 HP[-9] MP[-2]
You take 9 damage, and now have 56/97 hp.
You lost 2 mp, and now have 7/20 mp.
You barely miss Snorg. Snorg bites you. Snorg claws you but does no damage.
Snorg misses you. 😮 HP[-4] MP[-1]
You take 4 damage, and now have 52/97 hp.
You lost 1 mp, and now have 6/20 mp.
Unknown command.
You barely miss Snorg. Snorg bites you!
* * * LOW HITPOINT WARNING * * *
Snorg claws you but does no damage. Snorg claws you!!
* * * LOW HITPOINT WARNING * * *
Snorg bites you!!
* * * LOW HITPOINT WARNING * * *
Snorg claws you!
You die...

Skill      XL: |  1  2  3  4  5  6  7  8  9 10 11 |
---------------+----------------------------------+-----
Transmutations | 3 4 5 6 7 8 9 10 11 | 11.5
Poison Magic   | 1 2 |  2.0
Spellcasting   | 4 5 6 |  6.2
Ice Magic      | 2 5 7 |  7.6
Dodging        | 5 7 8 |  8.0
Unarmed Combat | 6 8 9 |  9.7
Fighting       | 3 5 6 |  6.3
Invocations    | 3 4 |  4.9

Action                     |  1- 3 |  4- 6 |  7- 9 | 10-12 || total
---------------------------+-------+-------+-------+-------++-------
  Melee: Dagger            |    56 |    12 |     2 |       ||    70
         Unarmed           |    12 |    87 |   259 |   284 ||   642
         Headbutt          |     6 |       |       |       ||     6
   Cast: Beastly Appendage |    15 |     3 |       |       ||    18
         Spider Form       |     1 |    11 |     4 |       ||    16
         Wereblood         |     1 |     3 |     6 |    16 ||    26
         Ice Form          |       |     1 |    35 |    24 ||    60
  Evoke: Wand              |       |       |     1 |     5 ||     6
    Use: Scroll            |     7 |     3 |     6 |     8 ||    24
         Potion            |       |       |     1 |     1 ||     2
   Stab: Sleeping          |     1 |     2 |       |       ||     3
 Armour: Robe              |    12 |     1 |       |     1 ||    14
         Skin              |     1 |     6 |   108 |   103 ||   218
  Dodge: Dodged            |    57 |    65 |   118 |   135 ||   375
  Block: Other             |       |       |     1 |    37 ||    38

Levels and vault maps discovered:
D:1:      eino_arrival_tree_alley, layout_basic,
          dilly_ecumenical_altar_fadedgnrine, serial_shops, shop
D:2:      layout_rooms
D:3:      layout_basic, uniq_sigmund, uniq_terence
D:4:      layout_layer_cave
D:5:      nicolae_cairo_tiling_very_big, layout_loops_corners,
          mainiacjoe_overflow_tiny_flanked, kennysheep_small_square
D:6:      layout_basic, gammafunk_temple_overflow_pools,
          minmay_temple_entry_mini_moons
D:7:      layout_loops_corners, ashenzari_altar_1, minitemple, serial_shops,
          nicolae_shop_dealshenge, nrook_mini_backslash
D:8:      layout_rooms, mainiacjoe_overflow_chevrons, serial_shops, shop
D:9:      layout_roguey, mainiacjoe_overflow_24_doors, uniq_gastronok
D:10:     layout_long_grid, hiddenorc2_lemuel, statue_in_the_mist_lemuel
D:11:     layout_basic, david_lair_generic, uniq_lodul, uniq_josephine,
          uniq_erica, uniq_snorg

Notes
Turn   | Place    | Note
-------+----------+-------------------------------------------
     0 | D:1      | kae the Merfolk Transmuter began the quest for the Orb.
     0 | D:1      | Reached XP level 1. HP: 15/15 MP: 3/3
     0 | D:1      | magus.rc [v1.11.3]
   169 | D:1      | Reached skill level 3 in Transmutations
   222 | D:1      | Reached skill level 1 in Poison Magic
   222 | D:1      | Reached XP level 2. HP: 17/21 MP: 3/5
   328 | D:1      | Found Goykkat's Antique Armour Shop.
   576 | D:1      | Found a faded altar of an unknown god.
   842 | D:2      | You pick up a book of Minor Magic and begin reading...
   842 | D:2      | You add the spells Magic Dart, Call Imp and Mephitic Cloud
                  | to your library.
   986 | D:2      | Reached XP level 3. HP: 22/26 MP: 4/6
   989 | D:2      | Learned a level 2 spell: Wereblood
  1007 | D:2      | Learned a level 3 spell: Spider Form
  1581 | D:3      | Noticed Sigmund
  1603 | D:3      | Reached skill level 4 in Transmutations
  1603 | D:3      | Reached skill level 2 in Poison Magic
  1603 | D:3      | Reached XP level 4. HP: 30/32 MP: 2/8
  1607 | D:3      | Reached skill level 3 in Spellcasting
  1616 | D:3      | Killed Sigmund
  1617 | D:3      | Reached skill level 4 in Spellcasting
  1617 | D:3      | Reached skill level 5 in Transmutations
  1617 | D:3      | Reached XP level 5. HP: 35/37 MP: 3/11
  1617 | D:3      | Reached XP level 6. HP: 41/43 MP: 3/12
  1655 | D:3      | Noticed Terence
  1670 | D:3      | Killed Terence
  1866 | D:3      | Learned a level 4 spell: Ice Form
  2117 | D:3      | Reached skill level 1 in Ice Magic
  2422 | D:3      | You pick up a book of Changes and begin reading...
  2690 | D:4      | Reached skill level 6 in Transmutations
  2966 | D:4      | Reached skill level 2 in Ice Magic
  3028 | D:4      | Reached XP level 7. HP: 48/48 MP: 8/13
  3109 | D:4      | Reached skill level 3 in Ice Magic
  3360 | D:4      | You pick up a book of Rime and begin reading...
  3360 | D:4      | You add the spells Frozen Ramparts and Summon Ice Beast to
                  | your library.
  4030 | D:5      | Entered Level 5 of the Dungeon
  4030 | D:5      | Noticed a troll
  4092 | D:5      | Found a stormy altar of Qazlal.
  4119 | D:5      | Reached skill level 4 in Ice Magic
  4176 | D:5      | Became a worshipper of Qazlal Stormbringer
  4185 | D:5      | Killed a troll
  4186 | D:5      | Reached skill level 5 in Spellcasting
  4186 | D:5      | Reached skill level 7 in Transmutations
  4186 | D:5      | Reached skill level 5 in Ice Magic
  4186 | D:5      | Reached XP level 8. HP: 54/54 MP: 8/15
  4312 | D:5      | Noticed a yak
  4313 | D:5      | Noticed a yak
  4333 | D:5      | Noticed a yak
  4334 | D:5      | Noticed a yak
  4337 | D:5      | Killed a yak
  4449 | D:5      | Killed a yak
  4450 | D:5      | Reached skill level 6 in Ice Magic
  4498 | D:5      | Reached skill level 8 in Transmutations
  4933 | D:5      | Killed a yak
  4934 | D:5      | Reached skill level 6 in Spellcasting
  4934 | D:5      | Reached skill level 7 in Ice Magic
  4934 | D:5      | Reached XP level 9. HP: 59/59 MP: 15/18
  5399 | D:5      | Reached skill level 3 in Dodging
  5727 | D:6      | You pick up a book of Displacement and begin reading...
  5727 | D:6      | You add the spells Lesser Beckoning, Gell's Gravitas and
                  | Teleport Other to your library.
  5802 | D:6      | Reached skill level 4 in Unarmed Combat
  5881 | D:6      | Reached skill level 9 in Transmutations
  5882 | D:6      | Reached skill level 2 in Fighting
  6157 | D:6      | Found a staircase to the Ecumenical Temple.
  6179 | D:6      | Reached * piety under Qazlal
  6232 | D:6      | Reached skill level 4 in Dodging
  6232 | D:6      | Reached skill level 5 in Unarmed Combat
  6337 | D:6      | Found a hide-covered altar of Uskayaw.
  6337 | D:6      | Found an ornate altar of the Wu Jian Council.
  6564 | D:7      | Found Jyomuskoi's Antique Weapon Boutique.
  6592 | D:7      | Reached skill level 3 in Fighting
  6761 | D:7      | Found a broken altar of Ashenzari.
  6907 | D:7      | Found a glowing silver altar of Zin.
  6926 | D:7      | Found a shadowy altar of Dithmenos.
  6952 | D:7      | Found a snail-covered altar of Cheibriados.
  7350 | D:7      | Noticed a hornet
  7355 | D:7      | Killed a hornet
  7356 | D:7      | Reached skill level 5 in Dodging
  7356 | D:7      | Reached skill level 6 in Unarmed Combat
  7356 | D:7      | Reached XP level 10. HP: 70/71 MP: 12/19
  7560 | D:7      | You pick up a book of Maledictions and begin reading...
  7560 | D:7      | You add the spells Anguish and Enfeeble to your library.
  7598 | D:8      | Noticed a two-headed ogre
  7604 | D:8      | Killed a two-headed ogre
  7605 | D:8      | Reached skill level 4 in Fighting
  7605 | D:8      | Reached skill level 10 in Transmutations
  7605 | D:8      | Reached skill level 1 in Invocations
  8056 | D:8      | Found Cywn's Jewellery Shoppe.
  8279 | D:8      | Found a shimmering altar of Xom.
  8455 | D:9      | Reached skill level 7 in Unarmed Combat
  8572 | D:9      | Reached skill level 2 in Invocations
  8575 | D:9      | Reached ** piety under Qazlal
  8643 | D:9      | Reached skill level 6 in Dodging
  8975 | D:9      | Noticed Gastronok
  8996 | D:9      | Reached skill level 3 in Invocations
  8999 | D:9      | Reached skill level 5 in Fighting
  9001 | D:9      | Reached skill level 8 in Unarmed Combat
  9010 | D:9      | HP: 6/88 [Gastronok (26)]
  9026 | D:9      | HP: 4/88 [Gastronok/the air (33)]
  9031 | D:9      | Killed Gastronok
  9032 | D:9      | Reached skill level 7 in Dodging
  9032 | D:9      | Reached XP level 11. HP: 6/80 MP: 2/20
  9307 | D:9      | Found a basalt altar of Yredelemnul.
  9548 | D:9      | Reached skill level 4 in Invocations
  9554 | D:9      | Reached skill level 11 in Transmutations
  9656 | D:10     | Entered Level 10 of the Dungeon
  9757 | D:10     | Reached *** piety under Qazlal
  9776 | D:10     | Reached skill level 9 in Unarmed Combat
  9833 | D:10     | Found a staircase to the Orcish Mines.
 10077 | D:10     | Noticed a two-headed ogre
 10085 | D:10     | Killed a two-headed ogre
 10094 | D:10     | Reached skill level 6 in Fighting
 10104 | D:10     | Noticed a two-headed ogre
 10168 | D:10     | Killed a two-headed ogre
 10893 | D:11     | Noticed Snorg
 10899 | D:11     | Reached **** piety under Qazlal
 10900 | D:11     | Reached skill level 8 in Dodging
 10905 | D:11     | HP: 24/97 [Snorg (16)]
 10905 | D:11     | HP: 3/97 [Snorg (21)]
 10905 | D:11     | Slain by Snorg

Vanquished Creatures
  Gastronok (D:9)
  3 two-headed ogres
  A komodo dragon (D:11)
  4 trolls
  A hornet (D:7)
  Sigmund (D:3)
  8 yaks
  2 wraiths (D:10)
  A wyvern (D:11)
  2 steam dragons (D:6)
  A basilisk (D:11)
  An acid dragon (D:10)
  2 water moccasins
  A sky beast (D:7)
  A black bear (D:5)
  4 orc warriors
  An ogre (D:7)
  2 centaurs
  2 phantoms
  A kobold brigand (D:6)
  2 scorpions
  12 wights
  9 killer bees (D:9)
  6 howler monkeys
  A gnoll bouda (D:8)
  12 orc priests
  3 hounds
  6 jellies
  4 iguanas
  14 orc wizards
  A sleepcap (D:8)
  Terence (D:3)
  7 gnolls
  12 adders
  A shadow imp (D:4)
  3 white imps
  2 ufetubi
  3 dart slugs
  53 orcs
  5 ball pythons
  3 bats
  5 endoplasms
  2 giant cockroaches
  3 hobgoblins
  9 jackals
  16 kobolds
  4 quokkas
  2 frilled lizards
  9 goblins
  3 rats
253 creatures vanquished.

Vanquished Creatures (others)
  A kobold (D:6)
1 creature vanquished.

Grand Total: 254 creatures vanquished

Table legend:
 A = Non-vault XP
 B = Vault XP
 C = Vault XP percentage of total XP
 D = Non-vault monster count
 E = Vault monster count
 F = Vault count percentage of total count
                 A         B        C        D         E       F
            +---------+---------+-------+---------+---------+-------
      Total |   12269 |    2607 |  17.5 |     213 |      40 |  15.8
            +---------+---------+-------+---------+---------+-------
        D:1 |      22 |       0 |   0.0 |      12 |       0 |   0.0
        D:2 |      32 |       0 |   0.0 |      13 |       0 |   0.0
        D:3 |     168 |     255 |  60.3 |      26 |       2 |   7.1
        D:4 |     499 |       0 |   0.0 |      32 |       0 |   0.0
        D:5 |    1900 |      98 |   4.9 |      20 |       4 |  16.7
        D:6 |     838 |       0 |   0.0 |      25 |       0 |   0.0
        D:7 |    1067 |       0 |   0.0 |      16 |       0 |   0.0
        D:8 |    1235 |       0 |   0.0 |      13 |       0 |   0.0
        D:9 |    3061 |    1497 |  32.8 |      38 |       1 |   2.6
       D:10 |    2913 |     581 |  16.6 |      16 |      32 |  66.7
       D:11 |     534 |     176 |  24.8 |       2 |       1 |  33.3
            +---------+---------+-------+---------+---------+-------

Skill      XL: |  1  2  3  4  5  6  7  8  9 10 11 |
---------------+----------------------------------+-----
Transmutations | 3 4 5 6 7 8 9 10 11 | 11.5
Poison Magic   | 1 2 |  2.0
Spellcasting   | 4 5 6 |  6.2
Ice Magic      | 2 5 7 |  7.6
Dodging        | 5 7 8 |  8.0
Unarmed Combat | 6 8 9 |  9.7
Fighting       | 3 5 6 |  6.3
Invocations    | 3 4 |  4.9

Action                     |  1- 3 |  4- 6 |  7- 9 | 10-12 || total
---------------------------+-------+-------+-------+-------++-------
  Melee: Dagger            |    56 |    12 |     2 |       ||    70
         Unarmed           |    12 |    87 |   259 |   284 ||   642
         Headbutt          |     6 |       |       |       ||     6
   Cast: Beastly Appendage |    15 |     3 |       |       ||    18
         Spider Form       |     1 |    11 |     4 |       ||    16
         Wereblood         |     1 |     3 |     6 |    16 ||    26
         Ice Form          |       |     1 |    35 |    24 ||    60
  Evoke: Wand              |       |       |     1 |     5 ||     6
    Use: Scroll            |     7 |     3 |     6 |     8 ||    24
         Potion            |       |       |     1 |     1 ||     2
   Stab: Sleeping          |     1 |     2 |       |       ||     3
 Armour: Robe              |    12 |     1 |       |     1 ||    14
         Skin              |     1 |     6 |   108 |   103 ||   218
  Dodge: Dodged            |    57 |    65 |   118 |   135 ||   375
  Block: Other             |       |       |     1 |    37 ||    38

Illustrated notes

Table legend:
 A = Kills in this place as a percentage of kills in the entire game.
 B = Kills by you in this place as a percentage of kills by you in the entire game.
 C = Kills by friends in this place as a percentage of kills by friends in the entire game.
 D = Other kills in this place as a percentage of other kills in the entire game.
 E = Experience gained in this place as a percentage of experience gained in the entire game.
 F = Experience gained in this place divided by the number of levels of this place that you have seen.
                   A       B       C       D       E      F
               +-------+-------+-------+-------+-------+----------------------
         Total | 100.0 | 100.0 |   N/A |   N/A | 100.0 | 1352.4
       Dungeon | 100.0 | 100.0 |   N/A |   N/A | 100.0 | 1352.4
               +-------+-------+-------+-------+-------+----------------------

Table legend: (Time is in decaauts)
 A = Elapsed time spent in this place.
 B = Non-inter-level travel time spent in this place.
 C = Inter-level travel time spent in this place.
 D = Time resting spent in this place.
 E = Time spent auto-exploring this place.
 F = Levels seen in this place.
 G = Mean time per level.
                   A        B        C        D        E       F      G
               +--------+--------+--------+--------+--------+-----+--------+
         Total |  10888 |  10504 |    384 |    142 |   8554 |  11 |  989.8 |
       Dungeon |  10888 |  10504 |    384 |    142 |   8554 |  11 |  989.8 |
               +--------+--------+--------+--------+--------+-----+--------+

Top non-repeatable levels by time:
     D:5: 1553 daAuts
     D:4: 1420 daAuts
     D:3: 1323 daAuts
     D:9: 1263 daAuts
     D:7: 1204 daAuts
    D:10: 1093 daAuts
     D:1: 830 daAuts
     D:8: 804 daAuts
     D:6: 752 daAuts
     D:2: 494 daAuts
    D:11: 149 daAuts
